 Dungeon Crawl Stone Soup version 0.27.1-34-g3ba077fa99 (webtiles) character file.

Game seed: 16303747752936238457

247 boopmooplesden the Twirler (level 5, -6/45 HPs)
             Began as a Minotaur Gladiator on Jan 1, 2022.
             Mangled by Pikel (7 damage)
             ... on level 4 of the Dungeon.
             The game lasted 00:03:45 (3280 turns).

boopmooplesden the Twirler (Minotaur Gladiator)     Turns: 3280, Time: 00:03:46

Health: -6/45      AC:  9    Str: 17    XL:     5   Next: 85%
Magic:  4/4        EV:  8    Int:  5    God:
Gold:   115        SH:  0    Dex: 18    Spells: 4/4 levels left

rFire    . . .     SeeInvis +   p - +2 quarterstaff (chaos)
rCold    + . .     Faith    .   (shield currently unavailable)
rNeg     . . .     Spirit   .   n - +0 chain mail
rPois    .         Reflect  .   c - +0 hat
rElec    .         Harm     .   q - +0 cloak
rCorr    .         Rampage  .   (no gloves)
Will     .....                  (no boots)
Stlth    ..........             (no amulet)
HPRegen  0.15/turn              e - +6 ring of dexterity
MPRegen  0.09/turn              j - ring of protection from cold

@: unable to read
A: horns 2, retaliatory headbutt, see invisible, weak 1, evolution 1, inability
to read while threatened, MP-powered wands
a: no special abilities


You were on level 4 of the Dungeon.
You visited 1 branch of the dungeon, and saw 4 of its levels.

You collected 115 gold pieces.

Inventory:

Hand Weapons
 a - a +0 quarterstaff
 p - a +2 quarterstaff of chaos (weapon)
Armour
 b - a +0 leather armour
 c - a +0 hat (worn)
 m - a +2 robe of fire resistance
 n - a +0 chain mail (worn)
 q - a +0 cloak (worn)
Jewellery
 e - a +6 ring of dexterity (left hand)
 j - a ring of protection from cold (right hand)
Wands
 h - a wand of paralysis (13)
Scrolls
 r - a scroll of magic mapping {unknown}
Potions
 f - a potion of haste {unknown}
 g - a potion of attraction {unknown}
 k - a potion of might {unknown}
 l - a potion of degeneration {unknown}
 o - a potion of heal wounds {unknown}


   Skills:
 + Level 3.1 Fighting
 + Level 6.2 Staves
 + Level 2.2 Throwing
 + Level 2.4 Armour
 + Level 4.3 Dodging
 + Level 0.4 Stealth


You had 4 spell levels left.
You didn't know any spells.
Your spell library contained the following spells:

 Spells                   Type           Power      Damage    Failure   Level
 Ozocubu's Armour         Ice            0%         N/A       100%        3
 Ozocubu's Refrigeration  Ice            0%         4d5       100%        7


Dungeon Overview and Level Annotations

Branches:
Dungeon (4/15)
 Temple: D:4-7

Altars:

Shops:
D:1 !

Annotations:
D:4 Pikel


Innate Abilities, Weirdness & Mutations

You have a pair of horns on your head.
You reflexively headbutt those who attack you in melee.
You have supernaturally acute eyesight. (SInv)
You are weak. (Str -2)
You evolve.
You sometimes lose the ability to read scrolls when taking damage.
You expend magic power (3 MP) to strengthen your wands.


Message History

Aim: Pikel, wielding a +0 whip of flaming and wearing a +0 robe (heavily wounded, berserk, 55% to hit)
You throw a throwing net. The throwing net hits Pikel.
Pikel is caught in the net!
Pikel is heavily wounded.
Pikel struggles against the net. x2
You hit Pikel but do no damage.
Pikel easily resists.
Pikel is heavily wounded.
Pikel struggles against the net.
The net rips apart, and Pikel comes free!
You sock Pikel! You burn Pikel. Your headbutt misses Pikel.
Pikel is severely wounded.
Pikel hits you with a +0 whip of flaming.
You feel threatened and lose the ability to read scrolls!
* * * LOW HITPOINT WARNING * * *
Pikel burns you.
* * * LOW HITPOINT WARNING * * *
Pikel hits you with a +0 whip of flaming.
* * * LOW HITPOINT WARNING * * *
Pikel burns you.
* * * LOW HITPOINT WARNING * * *
Unknown command.
You feel better. Pikel barely misses you.
Your chain mail prevents you from hitting Pikel.
Pikel is severely wounded.
Pikel hits you with a +0 whip of flaming.
* * * LOW HITPOINT WARNING * * *
Pikel burns you.
* * * LOW HITPOINT WARNING * * *
Pikel closely misses you. Pikel hits you but does no damage.
Pikel rages.
Pikel hits you but does no damage.
There is a stone staircase leading up here.
You feel better.
Pikel hits you with a +0 whip of flaming!
* * * LOW HITPOINT WARNING * * *
Pikel burns you.
* * * LOW HITPOINT WARNING * * *
Pikel hits you with a +0 whip of flaming!
You die...

...5. ............
...... #...........
......# ..........#
.......####.........#
.........5.........#
........##.5.......#
.......>###.......#
........# #.5.....#
........# #..K@..##
......... #...#.##
......... #...###
......... ##..# #..#
#..# #... #...


You could see Pikel (berserk) and 3 lemures.

Vanquished Creatures
  An ice beast (D:4)
  A lemure (D:4)
  Crazy Yiuf (D:3)
  Jessica (D:2)
  Terence (D:2)
  An adder (D:2)
  A worm (D:3)
  3 dart slugs
  4 orcs
  3 ball pythons
  5 endoplasms
  A giant cockroach (D:3)
  6 goblins
  3 hobgoblins (D:1)
  7 jackals
  2 kobolds (D:1)
  4 frilled lizards
  3 rats
48 creatures vanquished.

Notes
Turn   | Place    | Note
-------+----------+-------------------------------------------
     0 | D:1      | boopmooplesden the Minotaur Gladiator began the quest for
                  | the Orb.
     0 | D:1      | Reached XP level 1. HP: 18/18 MP: 0/0
   295 | D:1      | Reached XP level 2. HP: 21/25 MP: 1/1
   300 | D:1      | Reached skill level 4 in Staves
   798 | D:1      | Found a faded altar of an unknown god.
   816 | D:1      | Found Bupea's Distillery.
  1323 | D:2      | Reached XP level 3. HP: 19/30 MP: 2/2
  1477 | D:2      | Noticed Jessica
  1495 | D:2      | Killed Jessica
  1844 | D:2      | Reached XP level 4. HP: 37/37 MP: 3/3
  1875 | D:2      | Noticed Terence
  1887 | D:2      | Killed Terence
  1888 | D:2      | Reached skill level 5 in Staves
  1888 | D:2      | Reached skill level 1 in Armour
  2394 | D:2      | Gained mutation: You sometimes lose the ability to read
                  | scrolls when taking damage. [potion of mutation]
  2394 | D:2      | Gained mutation: You are partially covered in iridescent
                  | scales. (AC +2) [potion of mutation]
  2394 | D:2      | Gained mutation: You have supernaturally acute eyesight.
                  | (SInv) [potion of mutation]
  2395 | D:2      | Lost mutation: You are partially covered in iridescent
                  | scales. (AC +2) [potion of mutation]
  2395 | D:2      | Lost mutation: You sometimes lose the ability to read
                  | scrolls when taking damage. [potion of mutation]
  2395 | D:2      | Gained mutation: You expend magic power (3 MP) to
                  | strengthen your wands. [potion of mutation]
  2395 | D:2      | Gained mutation: Your mind is acute. (Int +2) [potion of
                  | mutation]
  2395 | D:2      | Gained mutation: Your body sometimes deteriorates upon
                  | taking damage. [potion of mutation]
  2395 | D:2      | Gained mutation: You have large cloven feet. [potion of
                  | mutation]
  2880 | D:3      | Found a runed translucent door.
  2881 | D:3      | Noticed Crazy Yiuf
  2969 | D:3      | Lost mutation: You expend magic power (3 MP) to strengthen
                  | your wands. [potion of mutation]
  2969 | D:3      | Lost mutation: You have large cloven feet. [potion of
                  | mutation]
  2969 | D:3      | Lost mutation: Your mind is acute. (Int +2) [potion of
                  | mutation]
  2969 | D:3      | Gained mutation: You evolve. [potion of mutation]
  2969 | D:3      | Gained mutation: You expend magic power (3 MP) to
                  | strengthen your wands. [potion of mutation]
  2969 | D:3      | Gained mutation: You are weak. (Str -2) [potion of
                  | mutation]
  2970 | D:3      | Lost mutation: Your body sometimes deteriorates upon taking
                  | damage. [potion of mutation]
  2970 | D:3      | Gained mutation: You sometimes lose the ability to read
                  | scrolls when taking damage. [potion of mutation]
  3133 | D:3      | Killed Crazy Yiuf
  3134 | D:3      | Reached XP level 5. HP: 36/45 MP: 4/4
  3236 | D:4      | Noticed an ice beast
  3237 | D:4      | Noticed Pikel
  3237 | D:4      | Noticed a lemure
  3237 | D:4      | Noticed a lemure
  3237 | D:4      | Noticed a lemure
  3238 | D:4      | Noticed a lemure
  3254 | D:4      | Killed an ice beast
  3255 | D:4      | Reached skill level 6 in Staves
  3261 | D:4      | Killed a lemure
  3279 | D:4      | HP: 2/45 [Pikel (11)]
  3280 | D:4      | Mangled by Pikel

Illustrated notes

Levels and vault maps discovered:
D:1:      dpeg_arrival_arbitrary_b, layout_basic, ebering_ecumenical_altar_webs,
          serial_shops, nicolae_shop_statue_plus, minmay_pentomino_t2
D:2:      layout_loops_ring, uniq_jessica, uniq_terence
D:3:      layout_rooms, chequers_serial_rivers_small_3, nrook_campfire,
          uniq_crazy_yiuf_cottage
D:4:      layout_cave_pods, serial_shops,
          nicolae_shop_temple_entry_statues_fountains, uniq_pikel

Skill      XL: |  1  2  3  4  5 |
---------------+----------------+-----
Staves         | 4 5 6 |  6.2
Dodging        | 4 |  4.3
Armour         | 1 2 |  2.4
Fighting       | 3 |  3.1
Throwing       | |  2.2
Stealth        | |  0.4

Action                   |  1- 3 |  4- 6 || total
-------------------------+-------+-------++-------
Melee: Quarterstaff      |    48 |    68 ||   116
       Headbutt          |     6 |    16 ||    22
       Kick              |       |     8 ||     8
Throw: Throwing net      |       |     5 ||     5
  Use: Scroll            |     1 |     1 ||     2
       Potion            |       |     6 ||     6
Armor: Leather armour    |    10 |     1 ||    11
       Chain mail        |       |    12 ||    12
Dodge: Dodged            |    32 |    21 ||    53
